 Dungeon Crawl Stone Soup version 0.29.0-4-gdea44cf6ec (webtiles) character file.

Game seed: 1025942427227290994

231 qw the Chopper (level 6, 0/38 HPs)
             Began as a Gargoyle Fighter on Sept 4, 2022.
             Slain by an ice beast (1 damage)
             ... on level 5 of the Dungeon.
             The game lasted 00:02:17 (4154 turns).

qw the Chopper (Gargoyle Fighter)                   Turns: 4154, Time: 00:02:17

Health: 0/38       AC: 11    Str: 22    XL:     6   Next: 4%
Magic:  6/6        EV:  9    Int:  8    God:
Gold:   212        SH:  4    Dex:  9    Spells: 5/5 levels left

rFire   . . .      SeeInvis .   Y - +1 war axe (vorpal)
rCold   . . .      Faith    .   c - +0 buckler
rNeg    + . .      Spirit   .   b - +0 scale mail
rPois   inf        Reflect  .   (no helmet)
rElec   +          Harm     .   (no cloak)
rCorr   .          Rampage  .   (no gloves)
Will    .....                   (no boots)
Stlth   ..........              (no amulet)
HPRegen 0.12/turn               (no ring)
MPRegen 0.10/turn               (no ring)

@: no status effects
A: sickness immunity, AC +4, negative energy resistance 1, electricity
resistance, torment resistance 1, petrification resistance
a: no special abilities


You were on level 5 of the Dungeon.
You visited 1 branch of the dungeon, and saw 5 of its levels.

You collected 286 gold pieces.
You spent 74 gold pieces at shops.


Innate Abilities, Weirdness & Mutations

You are immune to sickness and miasma.
Your stone body is resilient. (AC +4)
You are immune to poison.
You resist negative energy. (rN+)
You are resistant to electric shocks. (rElec)
You are resistant to unholy torment.
You are immune to petrification.


   Skills:
 + Level 3.8 Fighting
 - Level 5.0 Axes
 - Level 1.2 Throwing
 - Level 3.2 Armour
 - Level 3.2 Shields


You had 5 spell levels left.
You didn't know any spells.
Your spell library was empty.

Inventory:

Hand Weapons
 p - a +0 flail of protection
 Y - a +1 vorpal war axe (weapon)
Missiles
 j - a javelin (quivered)
Armour
 b - a +0 scale mail (worn)
 c - a +0 buckler (worn)
Scrolls
 a - a scroll of identify
Potions
 d - 2 potions of might
 e - a potion of cancellation
 f - 3 potions of curing
 h - 2 potions of mutation
 m - a potion of flight {unknown}

Dungeon Overview and Level Annotations

Branches:
Dungeon (5/15)
 Temple: D:4-7

Altars:
Elyvilon
Zin

Shops:
D:2 =*

Annotations:
D:4 3 runed translucent doors, qw's ghost, amateur TrCA


Message History

The ice beast is lightly wounded.
The ice beast closely misses you. The dart slug launches a dart at you.
The slug dart hits you.
You barely miss the ice beast.
The ice beast is lightly wounded.
The ice beast hits you but does no damage.
The dart slug launches a dart at you. The slug dart misses you.
The ice beast hits you but does no damage.
You hit the ice beast but do no damage.
The ice beast is lightly wounded.
The ice beast barely misses you. The dart slug launches a dart at you.
The slug dart hits you.
You hit the ice beast.
The ice beast is moderately wounded.
The ice beast hits you but does no damage.
The dart slug launches a dart at you. The slug dart hits you.
You slash the ice beast!
The ice beast is severely wounded.
The ice beast hits you but does no damage.
The dart slug briefly extends its eye-stalks.
The dart slug launches a dart at you.
The slug dart hits you but does no damage.
The dart slug launches a dart at you. The slug dart hits you.
You closely miss the ice beast.
The ice beast is severely wounded.
The ice beast hits you but does no damage.
The dart slug launches a dart at you. The slug dart misses you.
The ice beast hits you. The ice beast freezes you!
You barely miss the ice beast.
The ice beast is severely wounded.
The ice beast closely misses you.
You barely miss the ice beast.
The ice beast is severely wounded.
The ice beast hits you.
You die...

...w~~#~~~#w..
..~~~~~~~~~w~##..
.~~~~#~~~#~~~~#.
.~w~~~~~~~~~~~.#
~~~~~~~~~~~~~~w##
~~~#~~~~~~~~~~#~# #
~~..~~...~~.~~~~#.#
~...7.<7[.(?~~...#
#.#~~(Y@~..)~~#...
#~.~~~~~~~~)~~~...
~~~~~~~~~~~~~~~....
.~~~~#~~~~~~~~.#...
#~~~#~~~~~~~~~.....
#.#~~~#~~~w~#......
....~~~~~~~.#.##...
..##~~.~~....# ...
.. ........... ..


You could see an ice beast and 4 dart slugs.

Vanquished Creatures
  A kobold brigand (D:4)
  3 gnolls (D:2)
  6 adders
  6 dart slugs
  9 orcs
  A bat (D:3)
  6 endoplasms
  5 goblins
  6 hobgoblins
  4 quokkas
  9 ball pythons
  A frilled lizard (D:2)
  2 kobolds
  4 rats
63 creatures vanquished.

Notes
Turn   | Place    | Note
-------+----------+-------------------------------------------
     0 | D:1      | qw the Gargoyle Fighter began the quest for the Orb.
     0 | D:1      | Reached XP level 1. HP: 14/14 MP: 1/1
     0 | D:1      | 0 ||| qw: Version: 0.1-a-102-g441f92d
     0 | D:1      | 0 ||| qw: Game counter: 5305
     0 | D:1      | 0 ||| qw: Always use a shield: true
     0 | D:1      | 0 ||| qw: God list: Okawaru
     0 | D:1      | 0 ||| qw: Allow faded altars: false
     0 | D:1      | 0 ||| qw: Do Orc after D:15 true
     0 | D:1      | 0 ||| qw: Do second Lair branch before Depths: true
     0 | D:1      | 0 ||| qw: Lair rune preference: random
     0 | D:1      | 0 ||| qw: Plans: Normal
     0 | D:1      | 0 ||| PLANNING D:1-11
    23 | D:1      | 23 ||| Stepping ~*~*~tactically~*~*~ (hiding).
    32 | D:1      | Reached skill level 2 in Axes
   270 | D:1      | Reached XP level 2. HP: 19/19 MP: 2/2
   282 | D:1      | 282 ||| DROPPING +0 club.
   646 | D:1      | 646 ||| DROPPING +0 mace.
   752 | D:1      | 752 ||| DROPPING ring of flight.
   753 | D:1      | 753 ||| READING scroll labelled RUCA SIHEIGOH.
   754 | D:1      | 754 ||| READING scroll labelled RYICOJ MUOSEG.
   843 | D:2      | Found Vovin's Assorted Antiques.
   850 | D:2      | 850 ||| BUYING glowing black potion (18 gold).
   850 | D:2      | Bought a glowing black potion for 18 gold pieces
   850 | D:2      | 850 ||| BUYING purple potion (18 gold).
   850 | D:2      | Bought a purple potion for 18 gold pieces
   850 | D:2      | 850 ||| BUYING scroll labelled QOL KEOHYGAF (20 gold).
   850 | D:2      | Bought a scroll labelled QOL KEOHYGAF for 20 gold pieces
   850 | D:2      | 850 ||| SHOPLISTING scroll labelled QOL KEOHYGAF (20 gold,
                  | have 19).
   850 | D:2      | 850 ||| SHOPLISTING scroll labelled VYXIEL WUQAUTHRYK (20
                  | gold, have 19).
   850 | D:2      | 850 ||| BUYING smoky white potion (18 gold).
   850 | D:2      | Bought a smoky white potion for 18 gold pieces
   882 | D:2      | Reached skill level 3 in Axes
  1043 | D:2      | Reached XP level 3. HP: 19/23 MP: 3/3
  1114 | D:2      | 1114 ||| Stepping ~*~*~tactically~*~*~ (stealth).
  1115 | D:2      | 1115 ||| Stepping ~*~*~tactically~*~*~ (stealth).
  1118 | D:2      | 1118 ||| Stepping ~*~*~tactically~*~*~ (stealth).
  1121 | D:2      | 1121 ||| Stepping ~*~*~tactically~*~*~ (stealth).
  1139 | D:2      | 1139 ||| Stepping ~*~*~tactically~*~*~ (stealth).
  1400 | D:2      | Reached XP level 4. HP: 9/28 MP: 4/4
  1402 | D:2      | 1402 ||| FLEEEEING.
  1403 | D:2      | 1403 ||| FLEEEEING.
  1404 | D:2      | 1404 ||| FLEEEEING.
  1405 | D:2      | 1405 ||| FLEEEEING.
  1406 | D:2      | 1406 ||| FLEEEEING.
  1409 | D:2      | 1409 ||| FLEEEEING.
  1410 | D:2      | 1410 ||| FLEEEEING.
  1411 | D:2      | 1411 ||| FLEEEEING.
  1412 | D:2      | 1412 ||| FLEEEEING.
  1414 | D:2      | 1414 ||| FLEEEEING.
  1415 | D:2      | 1415 ||| FLEEEEING.
  1416 | D:2      | 1416 ||| FLEEEEING.
  1417 | D:2      | 1417 ||| FLEEEEING.
  1418 | D:2      | 1418 ||| FLEEEEING.
  1419 | D:2      | 1419 ||| FLEEEEING.
  1420 | D:2      | 1420 ||| FLEEEEING.
  1421 | D:2      | 1421 ||| FLEEEEING.
  1424 | D:2      | 1424 ||| FLEEEEING.
  1425 | D:2      | 1425 ||| FLEEEEING.
  1426 | D:2      | 1426 ||| FLEEEEING.
  1427 | D:2      | 1427 ||| FLEEEEING.
  1428 | D:2      | 1428 ||| FLEEEEING.
  1429 | D:2      | 1429 ||| FLEEEEING.
  1430 | D:2      | 1430 ||| FLEEEEING.
  1431 | D:2      | 1431 ||| FLEEEEING.
  1432 | D:2      | 1432 ||| FLEEEEING.
  1433 | D:2      | 1433 ||| FLEEEEING.
  1434 | D:2      | 1434 ||| FLEEEEING.
  1435 | D:2      | 1435 ||| FLEEEEING.
  1436 | D:2      | 1436 ||| FLEEEEING.
  1438 | D:2      | 1438 ||| FLEEEEING.
  1439 | D:2      | 1439 ||| FLEEEEING.
  1440 | D:2      | 1440 ||| FLEEEEING.
  1441 | D:2      | 1441 ||| FLEEEEING.
  1442 | D:2      | 1442 ||| FLEEEEING.
  1443 | D:2      | 1443 ||| FLEEEEING.
  1444 | D:2      | 1444 ||| FLEEEEING.
  1445 | D:2      | 1445 ||| FLEEEEING.
  1446 | D:2      | 1446 ||| FLEEEEING.
  1447 | D:2      | 1447 ||| FLEEEEING.
  1448 | D:2      | 1448 ||| FLEEEEING.
  1449 | D:2      | 1449 ||| FLEEEEING.
  1450 | D:2      | 1450 ||| FLEEEEING.
  1451 | D:2      | 1451 ||| FLEEEEING.
  1452 | D:2      | 1452 ||| FLEEEEING.
  1453 | D:2      | 1453 ||| FLEEEEING.
  1454 | D:2      | 1454 ||| FLEEEEING.
  1455 | D:2      | 1455 ||| FLEEEEING.
  1456 | D:2      | 1456 ||| FLEEEEING.
  1457 | D:2      | 1457 ||| FLEEEEING.
  1458 | D:2      | 1458 ||| FLEEEEING.
  1459 | D:2      | 1459 ||| FLEEEEING.
  1460 | D:2      | 1460 ||| FLEEEEING.
  1461 | D:2      | 1461 ||| FLEEEEING.
  1462 | D:2      | 1462 ||| FLEEEEING.
  1463 | D:2      | 1463 ||| FLEEEEING.
  1466 | D:2      | 1466 ||| FLEEEEING.
  1467 | D:2      | 1467 ||| FLEEEEING.
  1470 | D:2      | 1470 ||| FLEEEEING.
  1471 | D:2      | 1471 ||| FLEEEEING.
  1472 | D:2      | 1472 ||| FLEEEEING.
  1473 | D:2      | 1473 ||| FLEEEEING.
  1474 | D:2      | 1474 ||| STAIRDANCE
  1605 | D:1      | 1605 ||| READING scroll labelled QOL KEOHYGAF.
  1606 | D:1      | 1606 ||| DRINKING 2 inky potions.
  1607 | D:1      | 1607 ||| READING 2 scrolls of identify.
  1607 | D:1      | 1607 ||| IDENTIFYING glowing black potion
  1708 | D:2      | Found Fiall's Jewellery Shoppe.
  1743 | D:2      | 1743 ||| SHOPLISTING +4 ring of protection (432 gold, have
                  | 65).
  1743 | D:2      | 1743 ||| SHOPLISTING +6 ring of strength (432 gold, have
                  | 65).
  1743 | D:2      | 1743 ||| SHOPLISTING amulet "Qiniod" {Reflect Regen+ SH+5}
                  | (444 gold, have 65).
  1743 | D:2      | 1743 ||| SHOPLISTING amulet of reflection (360 gold, have
                  | 65).
  1743 | D:2      | 1743 ||| SHOPLISTING ring of positive energy (240 gold,
                  | have 65).
  1743 | D:2      | 1743 ||| SHOPLISTING ring of resist corrosion (240 gold,
                  | have 65).
  1746 | D:2      | 1746 ||| Stepping ~*~*~tactically~*~*~ (hiding).
  1749 | D:2      | 1749 ||| Stepping ~*~*~tactically~*~*~ (hiding).
  1751 | D:2      | 1751 ||| Stepping ~*~*~tactically~*~*~ (hiding).
  1908 | D:2      | 1908 ||| Stepping ~*~*~tactically~*~*~ (hiding).
  2024 | D:2      | 2024 ||| READING scroll labelled MIANITWUOF.
  2025 | D:2      | 2025 ||| READING scroll labelled DOOWKEME XENOA.
  2026 | D:2      | 2026 ||| READING scroll labelled INAILUMEARPH.
  2077 | D:3      | Reached skill level 4 in Axes
  2156 | D:3      | Found a white marble altar of Elyvilon.
  2234 | D:3      | 2234 ||| Stepping ~*~*~tactically~*~*~ (stealth).
  2304 | D:3      | 2304 ||| Stepping ~*~*~tactically~*~*~ (stealth).
  2305 | D:3      | 2305 ||| Stepping ~*~*~tactically~*~*~ (stealth).
  2311 | D:3      | 2311 ||| Stepping ~*~*~tactically~*~*~ (hiding).
  2342 | D:3      | 2342 ||| DROPPING +0 flail.
  2376 | D:3      | 2376 ||| Stepping ~*~*~tactically~*~*~ (hiding).
  2449 | D:3      | 2449 ||| Stepping ~*~*~tactically~*~*~ (stealth).
  2450 | D:3      | 2450 ||| Stepping ~*~*~tactically~*~*~ (stealth).
  2471 | D:3      | 2471 ||| FLEEEEING.
  2472 | D:3      | 2472 ||| FLEEEEING.
  2473 | D:3      | 2473 ||| FLEEEEING.
  2475 | D:3      | 2475 ||| FLEEEEING.
  2477 | D:3      | 2477 ||| FLEEEEING.
  2482 | D:3      | 2482 ||| FLEEEEING.
  2483 | D:3      | 2483 ||| FLEEEEING.
  2488 | D:3      | 2488 ||| FLEEEEING.
  2489 | D:3      | 2489 ||| FLEEEEING.
  2490 | D:3      | 2490 ||| FLEEEEING.
  2491 | D:3      | 2491 ||| FLEEEEING.
  2492 | D:3      | 2492 ||| FLEEEEING.
  2493 | D:3      | 2493 ||| FLEEEEING.
  2494 | D:3      | 2494 ||| STAIRDANCE
  2567 | D:2      | 2567 ||| READING scroll labelled DAODEB PIMUX.
  2568 | D:2      | 2568 ||| READING scroll labelled GUUMAIW BETE.
  2569 | D:2      | 2569 ||| READING scroll labelled TOWIEVYNUGG.
  2570 | D:2      | 2570 ||| DRINKING 2 sedimented red potions.
  2570 | D:2      | Gained mutation: You do not regenerate when monsters are
                  | visible. [potion of mutation]
  2570 | D:2      | Lost mutation: You do not regenerate when monsters are
                  | visible. [potion of mutation]
  2571 | D:2      | 2571 ||| READING 3 scrolls of identify.
  2571 | D:2      | 2571 ||| IDENTIFYING purple potion
  2572 | D:2      | 2572 ||| READING 2 scrolls of identify.
  2572 | D:2      | 2572 ||| IDENTIFYING smoky white potion
  2573 | D:2      | 2573 ||| DROPPING potion of invisibility.
  2574 | D:2      | 2574 ||| DROPPING potion of attraction.
  2708 | D:3      | Found a faded altar of an unknown god.
  2889 | D:3      | Noticed an angel
  2890 | D:3      | Found a glowing silver altar of Zin.
  2989 | D:3      | Reached skill level 1 in Throwing
  2999 | D:3      | 2999 ||| DRINKING 2 yellow potions.
  3027 | D:3      | 3027 ||| DROPPING potion of lignification.
  3103 | D:4      | Noticed a kobold brigand
  3120 | D:4      | Killed a kobold brigand
  3121 | D:4      | Reached XP level 5. HP: 20/32 MP: 5/5
  3272 | D:4      | Reached skill level 5 in Axes
  3457 | D:4      | Found a runed translucent gate.
  3457 | D:4      | Found a runed translucent gate.
  3457 | D:4      | Found a runed translucent gate.
  3458 | D:4      | Noticed qw's ghost (amateur TrCA)
  3651 | D:4      | Reached XP level 6. HP: 38/38 MP: 6/6
  4100 | D:4      | 4100 ||| READING scroll labelled MIUNEE QI ILOU.
  4101 | D:4      | 4101 ||| READING 3 scrolls of identify.
  4101 | D:4      | 4101 ||| IDENTIFYING sedimented coppery potion
  4102 | D:4      | 4102 ||| READING 2 scrolls of identify.
  4102 | D:4      | 4102 ||| IDENTIFYING ruby potion
  4103 | D:4      | 4103 ||| DROPPING potion of brilliance.
  4117 | D:5      | Entered Level 5 of the Dungeon
  4122 | D:5      | 4122 ||| Stepping ~*~*~tactically~*~*~ (water).
  4136 | D:5      | Noticed an ice beast
  4144 | D:5      | 4144 ||| Stepping ~*~*~tactically~*~*~ (water).
  4145 | D:5      | HP: 7/38 [ice beast (6)]
  4146 | D:5      | 4146 ||| DRINKING potion of heal wounds.
  4152 | D:5      | HP: 1/38 [ice beast (13)]
  4154 | D:5      | Slain by an ice beast

Levels and vault maps discovered:
D:1:      dreamdust_arrival_beginning_and_end, layout_loops_cross,
          chequers_arboretum
D:2:      layout_basic, serial_shops, shop, nicolae_shop_waterfront,
          solitary_fountain, minmay_circle_x
D:3:      layout_rooms, elyvilon_altar_1, zin_angel,
          shapermc_ecumenical_altar_rom_forum, nicolae_elevator_lobby_asterisk
D:4:      layout_basic, gammafunk_ghost_necromancy
D:5:      kennysheep_slugbush, layout_basic, grunt_gozag_statues, uniq_grinder

Skill      XL: |  1  2  3  4  5 |
---------------+----------------+-----
Axes           | 2 3 4 5 |  5.0
Throwing       | 1 |  1.2
Fighting       | |  3.8
Armour         | |  3.2
Shields        | |  3.2

Action                   |  1- 3 |  4- 6 || total
-------------------------+-------+-------++-------
Melee: War axe           |    78 |   112 ||   190
Throw: Javelin           |       |    28 ||    28
  Use: Scroll            |     2 |    13 ||    15
       Potion            |       |     4 ||     4
Armor: Scale mail        |    30 |    67 ||    97
Dodge: Dodged            |    35 |    62 ||    97
Block: Buckler           |    21 |    23 ||    44

Table legend:
 A = Non-vault XP
 B = Vault XP
 C = Vault XP percentage of total XP
 D = Non-vault monster count
 E = Vault monster count
 F = Vault count percentage of total count
                 A         B        C        D         E       F
            +---------+---------+-------+---------+---------+-------
      Total |     317 |      14 |   4.2 |      56 |       7 |  11.1
            +---------+---------+-------+---------+---------+-------
        D:1 |      17 |       0 |   0.0 |       8 |       0 |   0.0
        D:2 |      80 |      10 |  11.1 |      15 |       6 |  28.6
        D:3 |      55 |       0 |   0.0 |      19 |       0 |   0.0
        D:4 |     162 |       0 |   0.0 |      13 |       0 |   0.0
        D:5 |       3 |       4 |  57.1 |       1 |       1 |  50.0
            +---------+---------+-------+---------+---------+-------
